 Dungeon Crawl Stone Soup version 0.30-a0-134-gb40fab5c76 (webtiles) character file.

Game seed: 7823950855382717716

49172 zxpr0jk the Basher (level 14, 0/186 HPs)
             Began as a Yellow Draconian Ice Elementalist on Sept 18, 2022.
             Was a High Priest of Ignis.
             Slain by a brown ugly thing (8 damage)
             ... on level 15 of the Dungeon on Sept 19, 2022.
             The game lasted 01:09:20 (18609 turns).

zxpr0jk the Basher (DrIE)                          Turns: 18609, Time: 01:09:21

Health: 0/186      AC: 42    Str: 14    XL:     14   Next: 15%
Magic:  0/22       EV:  2    Int: 15    God:    Ignis [*****.]
Gold:   862        SH:  0    Dex: 26    Spells: 16/27 levels left

rFire   + . .      SeeInvis .    p - +8 great mace "Feosaok" {freeze, rElec rPois Str+4}
rCold   + . .      Faith    .    (shield currently unavailable)
rNeg    . . .      Spirit   +    (body armour unavailable)
rPois   +          Reflect  .    (helmet currently unavailable)
rElec   +          Harm     .    (cloak currently unavailable)
rCorr   .          Rampage  .    (gloves currently unavailable)
Will    +....      NoTele   +    (boots currently unavailable)
Stlth   +++.......               o - amulet of guardian spirit
HPRegen 0.41/turn                m - ring of protection from cold
MPRegen 0.18/turn                w - +6 ring of dexterity

@: brilliant, ice-armoured, tree-form, fiery-armoured
A: stationary, stasis, torment immunity, boosted hp, (spit acid), AC +8,
unfitting armour, (acidic bite), (cold-blooded), (acid resistance), agile 1,
deterioration 1, low MP 1
a: Renounce Religion, Fiery Armour, Foxfire Swarm, Rising Flame


You were on level 15 of the Dungeon.
You worshipped Ignis.
Ignis was extremely pleased with you.
You were a tree.
You visited 1 branch of the dungeon, and saw 15 of its levels.
You also visited: Sewer.

You collected 862 gold pieces.

Inventory:

Hand Weapons
 p - the +8 great mace "Feosaok" (weapon) {freeze, rElec rPois Str+4}
   (You found it on level 6 of the Dungeon)

   It freezes those it strikes, dealing additional cold damage.
   It can also slow down cold-blooded creatures.
   Str:       It affects your strength (+4).
   rElec:     It insulates you from electricity.
   rPois:     It protects you from poison.
 E - a +0 vorpal long sword
Missiles
 F - 4 throwing nets
Armour
 n - a +0 hat (melded)
 q - a +0 cloak (melded)
 s - a +2 pair of boots (melded)
 u - a +0 pair of gloves (melded)
 D - a +0 buckler
Magical Staves
 A - a staff of cold
Jewellery
 d - a ring of willpower
 h - the ring of Uttavvar {+Blink Int+3 Dex+6}
   (You found it on level 14 of the Dungeon)

   [ring of dexterity]

   Int:       It affects your intelligence (+3).
   Dex:       It affects your dexterity (+6).
   +Blink:    It lets you blink.
 m - a ring of protection from cold (left branch)
 o - an amulet of guardian spirit (around neck)
 w - a +6 ring of dexterity (right branch)
 G - a ring of protection from fire
Wands
 f - a wand of flame (41)
 B - a wand of polymorph (17)
Scrolls
 a - a scroll of magic mapping
 b - 3 scrolls of identify
 c - 2 scrolls of butterflies
 g - 3 scrolls of teleportation
 i - a scroll of enchant armour
 C - a scroll of amnesia
 K - a scroll of vulnerability
Potions
 k - 3 potions of cancellation
 v - 2 potions of attraction
 x - 3 potions of lignification
Miscellaneous
 I - a piece from Xom's chessboard (14/15)


   Skills:
 + Level 11.5 Fighting
 - Level 13.3 Maces & Flails
 + Level 11.7 Dodging
 - Level 1.7 Stealth
 * Level 2.8 Unarmed Combat
 - Level 7.0 Spellcasting
 - Level 11.1 Ice Magic


You had 16 spell levels left.
You knew the following spells:

 Your Spells              Type           Power      Damage    Failure   Level
a - Freeze                Ice            100%       1d11      1%          1
b - Ozocubu's Armour      Ice            55%        N/A       1%          3
c - Blink                 Tloc           14%        N/A       21%         2
d - Apportation           Tloc           14%        N/A       13%         1
e - Foxfire               Conj/Fire      28%        2x1d5     13%         1
f - Inner Flame           Hex/Fire       7%         N/A       36%         3

Your spell library contained the following spells:

 Spells                   Type           Power      Damage    Failure   Level
 Frozen Ramparts          Ice            100%       1d16      1%          3
 Necrotise                Necr           28%        1d5       13%         1
 Slow                     Hex            28%        N/A       13%         1
 Summon Small Mammal      Summ           28%        N/A       13%         1
 Hailstorm                Conj/Ice       32%        3d8       14%         4
 Confusing Touch          Hex            7%         N/A       36%         3
 Kindle Blastsparks       Fire/Tloc/Air  14%        2d11      36%         3
 Lesser Beckoning         Tloc           7%         N/A       36%         3
 Tukima's Dance           Hex            7%         N/A       36%         3
 Vampiric Draining        Necr           7%         2d6       36%         3
 Metabolic Englaciation   Hex/Ice        16%        N/A       36%         5
 Flame Wave               Conj/Fire      7%         2d5       78%         4
 Manifold Assault         Tloc           7%         N/A       78%         4
 Passage of Golubria      Tloc           7%         N/A       78%         4
 Petrify                  Tmut/Erth      7%         N/A       78%         4
 Alistair's Intoxication  Tmut/Pois      4%         N/A       98%         5
 Borgnjor's Vile Clutch   Necr/Erth      3%         N/A       98%         5
 Yara's Violent Unravell  Hex/Tmut       3%         3d4       98%         5
 Eringya's Noxious Bog    Tmut/Pois      3%         N/A       100%        6
 Statue Form              Tmut/Erth      4%         N/A       100%        6


Dungeon Overview and Level Annotations

Branches:
Dungeon (15/15)            Temple (0/1) D:6            Lair (0/5) D:10
    Orc (0/2) D:10         Vaults (0/5) D:14          Sewer (visited)
 Depths: D:15

Altars:
Ashenzari
Dithmenos
Elyvilon
Fedhas
Makhleb
Okawaru
Ru
Uskayaw
Vehumet
Yredelemnul
Zin
The Shining One
Ignis

Shops:
D:3 *   D:10 *

Annotations:
D:4 2 transporters, SigmundSlayer's ghost, amateur NaIE
D:5 3 runed translucent doors, sirboomalot's ghost, amateur OpFi
D:6 3 runed translucent doors, Jeffwins's ghost, novice HuWn


Innate Abilities, Weirdness & Mutations

You are a tree.
Your roots penetrate the ground, keeping you stationary.
You cannot be teleported.
You are immune to unholy pain and torment.
Your maximum health is greatly increased.
Your equipment is partially melded.
((You can spit globs of acid.))
((Your golden yellow scales are hard. (AC +8)))
You cannot fit into any form of body armour.
((You have acidic saliva.))
((You are cold-blooded and may be slowed by cold attacks.))
((You are resistant to acid. (rCorr)))
You are agile. (Dex +4, Str/Int -1)
Your body sometimes deteriorates upon taking damage.
Your magical capacity is low. (-10% MP)


Message History

The brown ugly thing is heavily wounded.
The brown ugly thing bites you but does no damage.
The brown ugly thing is burned by your cloak of flames.
The brown ugly thing is lightly wounded.
The green ugly thing basks in the mutagenic energy from its kin and changes!
The brown ugly thing kicks you but does no damage.
The brown ugly thing is burned by your cloak of flames.
The brown ugly thing is heavily wounded.
You barely miss the brown ugly thing.
The brown ugly thing is heavily wounded.
The brown ugly thing bites you but does no damage.
The brown ugly thing is burned by your cloak of flames.
The brown ugly thing is lightly wounded.
The brown ugly thing kicks you but does no damage.
The brown ugly thing is burned by your cloak of flames.
The brown ugly thing is heavily wounded.
You barely miss the brown ugly thing.
The brown ugly thing is heavily wounded.
The brown ugly thing bites you.
* * * LOW HITPOINT WARNING * * *
You are splashed with acid!
* * * LOW HITPOINT WARNING * * *
The brown ugly thing kicks you but does no damage.
The brown ugly thing is burned by your cloak of flames.
The brown ugly thing is severely wounded.
You barely miss the brown ugly thing.
The brown ugly thing is severely wounded.
The brown ugly thing bites you.
* * * LOW HITPOINT WARNING * * *
You are splashed with acid.
* * * LOW HITPOINT WARNING * * *
The brown ugly thing is burned by your cloak of flames.
The brown ugly thing is lightly wounded.
The brown ugly thing completely misses you.
The brown ugly thing basks in the mutagenic energy from its kin and changes!
Okay, then.
Okay, then.
You make a move on Xom's chessboard...
The white ugly thing easily resists.
The brown ugly thing bites you!
You die...

#.u #........#
#... #.......(##
#.. ###.####..##
... #.. ##..#
#.#### #### ##.#
#....# #.# #(.#
#...## ##.##
##..# ##uuu#
#...# #..##
#.#♣###.#.###.##
#..#..#..#..#..#
#.###...###...##
#. #...# #...#
.. ##.## ##.##
##. ### ###


You could see 3 ugly things.

Vanquished Creatures
  2 minotaurs (D:13)
  A hydra (D:14)
  A vault guard (D:14)
  Harold (D:9)
  A catoblepas (D:15)
  A boulder beetle (D:12)
  5 centaur warriors (D:14)
  2 two-headed ogres (D:12)
  4 death yaks (D:13)
  2 tengu warriors (D:13)
  Nergalle (D:12)
  A deep elf pyromancer (D:13)
  17 ugly things
  3 manticores
  4 cyclopes
  A gargoyle (D:10)
  2 kobold demonologists
  Maggie (D:8)
  9 yaktaurs (D:13)
  A tengu conjurer (D:10)
  A komodo dragon (D:12)
  5 trolls
  4 meliai
  A hornet (D:10)
  11 slime creatures
  Prince Ribbit (D:9)
  Grinder (D:3)
  Sigmund (D:3)
  14 yaks
  A wraith (D:13)
  A basilisk (D:13)
  A steam dragon (D:6)
  5 vampire mosquitoes
  2 acid dragons (D:8)
  3 water moccasins
  Pargi (Sewer)
  3 orc warriors
  A black bear (D:5)
  2 sky beasts (D:7)
  3 wolves (D:10)
  3 ogres
  6 centaurs
  A phantom (D:5)
  3 kobold brigands
  Blork the orc (D:6)
  3 bullfrogs
  4 scorpions
  A gnoll sergeant (D:8)
  3 necrophages
  4 wights (D:9)
  A killer bee (D:8)
  A howler monkey (D:8)
  3 electric eels
  5 hounds
  5 orc priests
  3 jellies
  Terence (D:3)
  5 orc wizards
  12 gnolls
  5 adders
  A shadow imp (D:8)
  2 white imps (D:8)
  An ufetubus (D:5)
  3 worms
  51 orcs
  6 ball pythons
  3 bats
  11 endoplasms
  8 giant cockroaches
  7 goblins
  7 hobgoblins
  9 quokkas
  4 frilled lizards
  23 kobolds
  6 rats
334 creatures vanquished.

Vanquished Creatures (others)
  A kraken (D:1)
  2 minotaurs (D:1)
  An octopode (D:1)
  A gargoyle (D:1)
  A vine stalker (D:1)
  A troll (D:1)
  A merfolk (D:1)
  A formicid (D:1)
  A vampire (D:1)
  A human (D:1)
  2 demigods (D:1)
  A felid (D:1)
  28 foxfires
  12 plants (D:8)
  7 tentacles (D:1)
61 creatures vanquished.

Grand Total: 395 creatures vanquished

Notes
Turn   | Place    | Note
-------+----------+-------------------------------------------
     0 | D:1      | zxpr0jk the Draconian Ice Elementalist began the quest for
                  | the Orb.
     0 | D:1      | Reached XP level 1. HP: 14/14 MP: 3/3
     2 | D:1      | Noticed a minotaur
     2 | D:1      | Noticed a troll
     2 | D:1      | Noticed a minotaur
     2 | D:1      | Noticed a ghoul
     2 | D:1      | Noticed a felid
     2 | D:1      | Noticed a demigod
     2 | D:1      | Noticed a formicid
     2 | D:1      | Noticed a kraken
     2 | D:1      | Noticed a ghoul
     2 | D:1      | Noticed a merfolk
     2 | D:1      | Noticed an octopode
     2 | D:1      | Noticed a vampire
     2 | D:1      | Noticed a demigod
     2 | D:1      | Noticed a gargoyle
     2 | D:1      | Noticed a vine stalker
     2 | D:1      | Noticed a human
     6 | D:1      | Killed a merfolk
     7 | D:1      | Killed an octopode
     8 | D:1      | Killed a troll
     8 | D:1      | Killed a formicid
     8 | D:1      | Killed a felid
     9 | D:1      | Killed a gargoyle
     9 | D:1      | Killed a demigod
    12 | D:1      | Killed a minotaur
    12 | D:1      | Killed a minotaur
    13 | D:1      | Killed a human
    13 | D:1      | Killed a vampire
    19 | D:1      | Killed a vine stalker
    19 | D:1      | Killed a demigod
    20 | D:1      | Killed a kraken
   416 | D:1      | Reached XP level 2. HP: 10/20 MP: 5/5
   761 | D:1      | Reached XP level 3. HP: 6/26 MP: 1/6
  1477 | D:2      | Found a faded altar of an unknown god.
  1567 | D:2      | Prayed at the altar of an unknown god.
  1567 | D:2      | Became a worshipper of Ignis, the Dying Flame
  1761 | D:2      | Reached skill level 5 in Ice Magic
  2095 | D:2      | Reached XP level 4. HP: 14/33 MP: 5/8
  3011 | D:3      | Found a broken altar of Ashenzari.
  3055 | D:3      | Noticed Sigmund
  3111 | D:3      | Noticed Grinder
  3155 | D:3      | Killed Sigmund
  3156 | D:3      | Reached XP level 5. HP: 26/38 MP: 0/10
  3167 | D:3      | Killed Grinder
  3168 | D:3      | Reached XP level 6. HP: 41/45 MP: 2/12
  3280 | D:3      | Noticed Terence
  3291 | D:3      | Killed Terence
  3303 | D:3      | Upgraded the game from 0.30-a0-125-g51eefa89be to
                  | 0.30-a0-134-gb40fab5c76
  3545 | D:3      | Found Izetruy's General Store.
  3760 | D:4      | Found a transporter.
  3762 | D:4      | Noticed SigmundSlayer's ghost (amateur NaIE)
  3764 | D:4      | Found a transporter.
  3849 | D:4      | Your scales start taking on a golden yellow colour.
  3849 | D:4      | Reached XP level 7. HP: 49/50 MP: 13/13
  3849 | D:4      | Gained mutation: You are resistant to acid. (rCorr) [Yellow
                  | Draconian growth]
  3910 | D:4      | Found a shadowy altar of Dithmenos.
  4394 | D:5      | Entered Level 5 of the Dungeon
  4394 | D:5      | Found a hide-covered altar of Uskayaw.
  4439 | D:5      | Found a runed translucent gate.
  4440 | D:5      | Found a runed translucent gate.
  4441 | D:5      | Found a runed translucent gate.
  4487 | D:5      | Reached skill level 5 in Spellcasting
  4796 | D:5      | Found a glowing drain.
  4815 | Sewer    | Entered a sewer
  4854 | Sewer    | Noticed Pargi
  4864 | Sewer    | Killed Pargi
  4865 | Sewer    | Reached XP level 8. HP: 40/57 MP: 9/15
  5208 | D:5      | Learned a level 3 spell: Ozocubu's Armour
  5211 | D:5      | Learned a level 2 spell: Blink
  5213 | D:5      | Learned a level 1 spell: Apportation
  5215 | D:5      | Learned a level 1 spell: Foxfire
  5461 | D:5      | Noticed sirboomalot's ghost (amateur OpFi)
  5840 | D:6      | Found a staircase to the Ecumenical Temple.
  5840 | D:6      | Found a runed translucent gate.
  5840 | D:6      | Found a runed translucent gate.
  6055 | D:6      | Found a runed translucent gate.
  6089 | D:6      | Found a basalt altar of Yredelemnul.
  6127 | D:6      | Identified the +8 great mace "Feosaok" {freeze, rElec rPois
                  | Str+4}
  6390 | D:6      | Reached skill level 10 in Ice Magic
  6479 | D:6      | Found a sacrificial altar of Ru.
  6648 | D:6      | Found a glowing golden altar of the Shining One.
  6681 | D:6      | Noticed Blork the orc
  6690 | D:6      | Killed Blork the orc
  6863 | D:6      | Found a burning altar of Makhleb.
  6913 | D:6      | Noticed Jeffwins's ghost (novice HuWn)
  7118 | D:7      | Gained mutation: Your spells are a little harder to cast,
                  | but a little more powerful. [potion of mutation]
  7118 | D:7      | Gained mutation: You expend magic power (3 MP) to
                  | strengthen your wands. [potion of mutation]
  7166 | D:7      | Lost mutation: You expend magic power (3 MP) to strengthen
                  | your wands. [potion of mutation]
  7166 | D:7      | Lost mutation: Your spells are a little harder to cast, but
                  | a little more powerful. [potion of mutation]
  7166 | D:7      | Gained mutation: Your body sometimes deteriorates upon
                  | taking damage. [potion of mutation]
  7166 | D:7      | Gained mutation: Your magical capacity is low. (-10% MP)
                  | [potion of mutation]
  7166 | D:7      | Gained mutation: You are agile. (Dex +4, Str/Int -1)
                  | [potion of mutation]
  7231 | D:7      | Reached XP level 9. HP: 61/62 MP: 16/16
  7238 | D:7      | Learned a level 3 spell: Inner Flame
  7582 | D:7      | Found a radiant altar of Vehumet.
  7899 | D:8      | Found a glowing silver altar of Zin.
  7977 | D:8      | Reached skill level 1 in Fighting
  8245 | D:8      | Noticed a meliai
  8260 | D:8      | Killed a meliai
  8319 | D:8      | Noticed a cyclops
  8325 | D:8      | Reached skill level 5 in Dodging
  8328 | D:8      | Killed a cyclops
  8329 | D:8      | Reached XP level 10. HP: 34/79 MP: 3/18
  8571 | D:8      | Noticed a manticore
  8586 | D:8      | Killed a manticore
  8918 | D:8      | Noticed a manticore
  8954 | D:8      | Killed a manticore
  8955 | D:8      | Reached skill level 5 in Fighting
  9272 | D:8      | Noticed Maggie
  9291 | D:8      | Killed Maggie
  9463 | D:8      | Found a white marble altar of Elyvilon.
  9463 | D:8      | Found an iron altar of Okawaru.
  9467 | D:8      | Found a blossoming altar of Fedhas.
  9604 | D:9      | Noticed a cyclops
  9610 | D:9      | Killed a cyclops
  9838 | D:9      | Noticed Prince Ribbit
  9857 | D:9      | Killed Prince Ribbit
 10114 | D:9      | Noticed Harold
 10129 | D:9      | Killed Harold
 10776 | D:10     | Entered Level 10 of the Dungeon
 10897 | D:10     | Found Nyosotil's General Store.
 11075 | D:10     | Reached XP level 11. HP: 91/92 MP: 17/19
 11172 | D:10     | Found a staircase to the Orcish Mines.
 11325 | D:10     | Found a staircase to the Lair.
 11828 | D:10     | Reached skill level 1 in Maces & Flails
 11843 | D:10     | Reached skill level 2 in Maces & Flails
 12135 | D:11     | Noticed a two-headed ogre
 12135 | D:11     | You fall into a shaft and drop 1 floor!
 12313 | D:12     | Noticed a two-headed ogre
 12322 | D:12     | Killed a two-headed ogre
 12515 | D:12     | Noticed a brown ugly thing
 12527 | D:12     | Reached skill level 3 in Maces & Flails
 12537 | D:12     | Killed a brown ugly thing
 12586 | D:12     | Reached skill level 4 in Maces & Flails
 12917 | D:12     | Reached skill level 5 in Maces & Flails
 13234 | D:12     | Noticed Nergalle
 13523 | D:12     | Noticed a boulder beetle
 13540 | D:12     | Killed a boulder beetle
 13660 | D:12     | Killed Nergalle
 13661 | D:12     | Reached skill level 10 in Dodging
 13694 | D:12     | Reached skill level 9 in Maces & Flails
 13694 | D:12     | Reached XP level 12. HP: 91/100 MP: 20/20
 13770 | D:12     | Noticed a two-headed ogre
 13783 | D:12     | Killed a two-headed ogre
 13784 | D:12     | Reached skill level 10 in Maces & Flails
 14075 | D:13     | Noticed a tengu warrior
 14090 | D:13     | Killed a tengu warrior
 14446 | D:13     | Reached XP level 13. HP: 76/111 MP: 11/21
 15004 | D:13     | Reached skill level 11 in Maces & Flails
 15036 | D:13     | Noticed a minotaur
 15126 | D:13     | Killed a minotaur
 16058 | D:13     | Reached skill level 10 in Fighting
 16664 | D:13     | Reached skill level 12 in Maces & Flails
 16822 | D:13     | Noticed a minotaur
 16844 | D:13     | Killed a minotaur
 17306 | D:14     | Identified the ring of Uttavvar {+Blink Int+3 Dex+6}
 17662 | D:14     | Reached skill level 13 in Maces & Flails
 17971 | D:14     | Gained mutation: You have acidic saliva. [Yellow Draconian
                  | growth]
 17971 | D:14     | Reached XP level 14. HP: 124/124 MP: 20/22
 18200 | D:14     | Reached skill level 1 in Unarmed Combat
 18374 | D:14     | Found a gate to the Vaults.
 18484 | D:15     | Entered Level 15 of the Dungeon
 18608 | D:15     | HP: 8/186 [acid (4)]
 18609 | D:15     | Slain by a brown ugly thing

Illustrated notes

Levels and vault maps discovered:
D:1:      nicolae_arrival_kraken_aquarium_b, layout_basic
D:2:      layout_loops_ring, nicolae_ecumenical_pavilion
D:3:      layout_basic, lemuel_round_altar, serial_shops,
          nicolae_lakefront_shop, uniq_grinder, uniq_sigmund, uniq_terence
D:4:      layout_rooms, mainiacjoe_overflow_alcove_4, gammafunk_ghost_mausoleum
D:5:      layout_cave_pods, overflow_temple_1_default,
          ebering_ghost_rock_garden, portal_sewer_entry_f
D:6:      layout_loops_corners, nicolae_overflow_crystal_walls,
          lightli_temple_of_fire, nicolae_ru_sacrificial_ziggurat,
          mainiacjoe_overflow_catwalk, minmay_temple_entry_overgrown,
          ebering_ghost_rock_garden, uniq_blork_the_orc
D:7:      nicolae_cairo_tiling_very_big, layout_loops_ring,
          nicolae_vehumet_radiance
D:8:      layout_rooms, fedhas_altar_fruit_tree,
          mainiacjoe_overflow_divided_tiny, mainiacjoe_overflow_paths,
          enter_bailey_4, minmay_shattered_shrine, uniq_maggie
D:9:      layout_grid_maze, nicolae_concentric_dashed_squares_mild, uniq_harold,
          uniq_prince_ribbit1
D:10:     layout_small_grid, erik_lair_island, serial_shops, shop
D:11:     layout_roguey, serial_shops, shop, nicolae_trove_entry_path_of_doom,
          serial_park_tiny_1, hellmonk_bongcloud_opening, minmay_misc_feat_rows
D:12:     layout_cave_pods, uniq_nergalle
D:13:     fort_yaktaur, layout_loops_corners
D:14:     layout_rooms, david_vaults_5, nicolae_cairo_tiling
D:15:     grunt_enter_depths_magical_seal, layout_rooms,
          dreamdust_princess_corridor, serial_curves, eino_curves_03,
          eino_curves_04, uniq_agnes, uniq_roxanne

Skill      XL: |  1  2  3  4  5  6  7  8  9 10 11 12 13 14 |
---------------+-------------------------------------------+-----
Ice Magic      | 5 6 7 8 10 11 | 11.1
Spellcasting   | 3 4 5 6 7 |  7.0
Dodging        | 5 8 10 11 | 11.7
Fighting       | 4 7 8 9 11 | 11.5
Maces & Flails | 9 10 13 | 13.3
Unarmed Combat | 2 |  2.8
Stealth        | |  1.7

Action                   |  1- 3 |  4- 6 |  7- 9 | 10-12 | 13-15 || total
-------------------------+-------+-------+-------+-------+-------++-------
Melee: Unarmed           |    59 |       |       |       |       ||    59
       Tailslap          |    16 |    15 |    28 |    47 |    65 ||   171
       Dagger            |    13 |       |       |       |       ||    13
       Short sword       |   102 |    52 |       |       |       ||   154
       Halberd           |       |    39 |   188 |       |       ||   227
       Great mace        |       |       |   121 |   255 |   327 ||   703
       Bite              |       |       |       |       |     5 ||     5
 Cast: Freeze            |    13 |    14 |    11 |     9 |       ||    47
       Ozocubu's Armour  |       |       |    11 |    25 |    22 ||    58
       Foxfire           |       |       |     2 |    15 |       ||    17
       Blink             |       |       |       |     1 |       ||     1
Invok: Fiery Armour      |       |       |       |       |     1 ||     1
 Abil: Breathe Acid      |       |       |     7 |     9 |     4 ||    20
Evoke: Wand              |       |       |     4 |    10 |     5 ||    19
       Piece from Xom's  |       |       |       |       |     2 ||     2
  Use: Scroll            |       |    10 |     9 |    10 |     5 ||    34
       Potion            |       |     6 |     6 |     7 |    10 ||    29
 Stab: Sleeping          |     6 |     3 |     6 |     3 |     1 ||    19
       Distracted        |       |       |     1 |     1 |       ||     2
       Invisible         |       |       |       |     1 |       ||     1
Armor: Skin              |    50 |    27 |   211 |   125 |   161 ||   574
Dodge: Dodged            |   117 |    57 |   313 |   400 |   317 ||  1204

Table legend: (Time is in decaauts)
 A = Elapsed time spent in this place.
 B = Non-inter-level travel time spent in this place.
 C = Inter-level travel time spent in this place.
 D = Time resting spent in this place.
 E = Time spent auto-exploring this place.
 F = Levels seen in this place.
 G = Mean time per level.
                   A        B        C        D        E       F      G
               +--------+--------+--------+--------+--------+-----+--------+
         Total |  18976 |  18407 |    569 |   4697 |   9791 |  16 | 1186.0 |
       Dungeon |  18722 |  18153 |    569 |   4665 |   9646 |  15 | 1248.1 |
         Sewer |    253 |    253 |      0 |     32 |    145 |   1 |  253.0 |
               +--------+--------+--------+--------+--------+-----+--------+

Top non-repeatable levels by time:
    D:13: 3108 daAuts
    D:12: 1936 daAuts
     D:8: 1759 daAuts
     D:1: 1479 daAuts
     D:9: 1411 daAuts
    D:14: 1359 daAuts
     D:6: 1280 daAuts
     D:2: 1250 daAuts
     D:5: 1236 daAuts
    D:10: 1085 daAuts
     D:3: 969 daAuts
     D:7: 839 daAuts
     D:4: 733 daAuts
   Sewer: 253 daAuts
    D:11: 148 daAuts
